 Dungeon Crawl Stone Soup version 0.29.1-14-g9c671dbff4 (webtiles) character file.

Game seed: 13362318216191873990

46 sankara the Digger (level 3, 0/33 HPs)
             Began as a Troll Earth Elementalist on Feb 18, 2023.
             Slain by a white imp (3 damage)
             ... summoned by Natasha
             ... on level 2 of the Dungeon.
             The game lasted 00:01:36 (704 turns).

sankara the Digger (Troll Earth Elementalist)        Turns: 704, Time: 00:01:38

Health: 0/33       AC:  4    Str: 16    XL:     3   Next: 44%
Magic:  3/3        EV: 10    Int: 11    God:
Gold:   103        SH:  0    Dex: 12    Spells: 3/4 levels left

rFire   . . .      SeeInvis .     - Unarmed
rCold   . . .      Faith    .   (no shield)
rNeg    . . .      Spirit   .   a - +0 robe
rPois   .          Reflect  .   (helmet restricted)
rElec   .          Harm     .   (no cloak)
rCorr   .          Rampage  .   (gloves unavailable)
Will    .....                   (boots unavailable)
Stlth   ++........              (no amulet)
HPRegen 0.91/turn               (no ring)
MPRegen 0.08/turn               (no ring)

@: slowed, very slow
A: large, unfitting armour, claws 3, regeneration 1, shaggy fur 1, tough skin 1
a: no special abilities


You were on level 2 of the Dungeon.
You visited 1 branch of the dungeon, and saw 2 of its levels.

You collected 103 gold pieces.

Inventory:

Armour
 a - a +0 robe (worn)
Scrolls
 c - a scroll of enchant weapon {unknown}
 d - a scroll of noise {unknown}
 e - 2 scrolls of fear {unknown}
 g - a scroll of identify {unknown}
Potions
 b - a potion of magic
 f - a potion of might {unknown}
 h - a potion of resistance {unknown}


   Skills:
 + Level 1.0 Fighting
 + Level 2.1 Dodging
 - Level 1.0 Stealth
 * Level 2.1 Unarmed Combat
 - Level 1.2 Spellcasting
 - Level 0.6 Transmutations
 - Level 2.6 Earth Magic


You had 3 spell levels left.
You knew the following spells:

 Your Spells              Type           Power      Damage    Failure   Level
a - Sandblast             Erth           12%        2d6       11%         1

Your spell library contained the following spells:

 Spells                   Type           Power      Damage    Failure   Level
 Passwall                 Tmut/Erth      3%         N/A       24%         2
 Stone Arrow              Conj/Erth      6%         3d7       50%         3
 Ignite Poison            Fire/Tmut/Pois 1%         N/A       65%         3
 Mephitic Cloud           Conj/Pois/Air  0%         N/A       67%         3
 Petrify                  Tmut/Erth      4%         N/A       85%         4
 Freezing Cloud           Conj/Ice/Air   0%         6-21      100%        5


Dungeon Overview and Level Annotations

Branches:
Dungeon (2/15)

Altars:

Annotations:
D:2 Natasha


Innate Abilities, Weirdness & Mutations

You are too large for most types of armour.
You have claws for hands.
Your natural rate of healing is unusually fast.
You are covered in fur. (AC +1)
You have tough skin. (AC +1)


Message History

You scratch Natasha but do no damage. Your claw misses Natasha.
Natasha is moderately wounded.
The rat bites you but does no damage. The shadow imp barely misses you.
Natasha barely misses you. The rat barely misses you.
The shadow imp hits you but does no damage.
You claw Natasha!
Natasha is almost dead.
The crimson imp hits you but does no damage.
Natasha closely misses you. The rat bites you but does no damage.
The shadow imp hits you.
The crimson imp hits you but does no damage.
Natasha stares at you and mumbles some strange words.
The magic dart hits you. The white imp closely misses you.
You barely miss Natasha.
Natasha is almost dead.
The shadow imp disappears in a puff of smoke!
The rat misses you.
The crimson imp blinks!
Natasha casts a spell at you. The magic dart hits you.
* * * LOW HITPOINT WARNING * * *
The white imp hits you.
* * * LOW HITPOINT WARNING * * *
The white imp freezes you.
* * * LOW HITPOINT WARNING * * *
The rat bites you but does no damage.
You closely miss Natasha.
Natasha is almost dead.
Natasha barely misses you.
The white imp hits you but does no damage.
The rat bites you.
* * * LOW HITPOINT WARNING * * *
The crimson imp misses you.
You closely miss Natasha.
Natasha is almost dead.
Natasha closely misses you.
The white imp hits you but does no damage.
The rat bites you but does no damage.
The crimson imp hits you but does no damage.
The white imp hits you.
You die...

#.... #.... #! #....
#.. ###### #.... #...
#....# #....
#...##....### ###+#
#...........##### #.#
#....§rh........# #.#
#....5@§...####.# #.#
#......5...##...#####.#
#..........##..<#.[....
#..........##...#......
#..........##...#......
#.......!..##..........
#...###†#####...#####.#
#?.. #.....'...+......
#... #######...######.


You could see Natasha, a crimson imp (summoned), a white imp (summoned) and a
rat.

Vanquished Creatures
  2 adders (D:2)
  A dart slug (D:1)
  4 endoplasms
  A giant cockroach (D:2)
  A hobgoblin (D:1)
  2 jackals (D:1)
  4 ball pythons
  2 bats (D:2)
  A frilled lizard (D:1)
  4 kobolds (D:1)
  3 rats (D:1)
25 creatures vanquished.

Notes
Turn   | Place    | Note
-------+----------+-------------------------------------------
     0 | D:1      | sankara the Troll Earth Elementalist began the quest for
                  | the Orb.
     0 | D:1      | Reached XP level 1. HP: 16/16 MP: 1/1
    49 | D:1      | Reached skill level 1 in Unarmed Combat
    78 | D:1      | Reached XP level 2. HP: 26/26 MP: 2/2
   505 | D:2      | Reached XP level 3. HP: 25/32 MP: 3/3
   681 | D:2      | Noticed Natasha
   684 | D:2      | Reached skill level 1 in Fighting
   704 | D:2      | Slain by a white imp

Illustrated notes

Levels and vault maps discovered:
D:1:      minmay_arrival_glassed_features, layout_rooms
D:2:      layout_basic, chequers_jeans, uniq_natasha

Skill      XL: |  1  2  3 |
---------------+----------+-----
Unarmed Combat | 1 2 |  2.1
Dodging        | 2 |  2.1
Fighting       | 1 |  1.0
Stealth        | |  1.0
Spellcasting   | |  1.2
Transmutations | |  0.6
Earth Magic    | |  2.6

Action                   || total
-------------------------++-------
Melee: Unarmed           ||    74
       Punch             ||     1
 Stab: Sleeping          ||     1
Armor: Robe              ||    42
Dodge: Dodged            ||    44
